 Dungeon Crawl Stone Soup version 0.21.0-3-g78d12a8 (webtiles) character file.

1430 Golfball the Spear-Bearer (level 8, -2/67 HPs)
             Began as a Minotaur Fighter on Jan 8, 2018.
             Was a Follower of Okawaru.
             Slain by a gnoll sergeant
             ... wielding a +0 trident
              (6 damage)
             ... on level 6 of the Dungeon.
             The game lasted 00:12:08 (4711 turns).

Golfball the Spear-Bearer (Minotaur Fighter)        Turns: 4711, Time: 00:12:08

Health: -2/67      AC:  8    Str: 23    XL:     8   Next: 44%
Magic:  6/8        EV: 12    Int: 10    God:    Okawaru [*.....]
Gold:   320        SH:  0    Dex:  9    Spells: 7/7 levels left

rFire    . . .     SeeInvis .   d - +2 scythe (slice)
rCold    + . .     Gourm    .   (shield currently unavailable)
rNeg     . . .     Faith    .   b - +0 scale mail
rPois    .         Spirit   .   (helmet restricted)
rElec    .         Reflect  .   (no cloak)
rCorr    .         Harm     .   (no gloves)
MR       .....                  (no boots)
Stlth    +.........             (no amulet)
HPRegen  0.21/turn              h - ring of protection from cold
MPRegen  0.11/turn              n - +4 ring of intelligence

@: heroism
A: retaliatory headbutt, horns 2
a: Heroism, Renounce Religion


You were on level 6 of the Dungeon.
You worshipped Okawaru.
Okawaru was aware of your devotion.
You were not hungry.

You visited 2 branches of the dungeon, and saw 7 of its levels.

You collected 320 gold pieces.

Inventory:

Hand Weapons
 a - a +0 flail
 d - a +2 scythe of slicing (weapon)
 t - a +0 hand axe
Armour
 b - a +0 scale mail (worn)
 c - a +0 shield
 i - a +0 plate armour
Jewellery
 g - an uncursed ring of protection from fire
 h - a ring of protection from cold (left hand)
 n - a +4 ring of intelligence (right hand)
Wands
 w - a wand of iceblast (7)
Scrolls
 j - 7 scrolls of remove curse
 m - a scroll of teleportation
Potions
 e - 2 potions of agility
 k - 3 potions of curing
 l - a potion of invisibility
 o - 4 potions of heal wounds
 p - 2 potions of magic
 q - 2 potions of lignification
 r - a potion of cancellation {unknown}
 s - a potion of might
 v - a potion of resistance {unknown}
 z - a potion of flight {unknown}
Comestibles
 f - 7 rations
 u - a chunk of flesh


   Skills:
 + Level 4.4(9.4) Fighting
 - Level 6.6(11.6) Maces & Flails
 - Level 10.1(15.1) Polearms
 - Level 3.6(8.6) Armour
 - Level 3.6(8.6) Shields
 + Level 1.9 Invocations


You had 7 spell levels left.
You didn't know any spells.

Dungeon Overview and Level Annotations

Branches:
Dungeon (6/15)             Temple (1/1) D:5

Altars:
Ashenzari
Cheibriados
Dithmenos
Elyvilon
Gozag
Kikubaaqudgha
Nemelex Xobeh
Okawaru
Qazlal
Ru
Sif Muna
Trog
Uskayaw
Vehumet
Wu Jian
Xom
Yredelemnul

Shops:
D:5 %


Innate Abilities, Weirdness & Mutations

You reflexively headbutt those who attack you in melee.
You have a pair of horns on your head.


Message History

* * * LOW HITPOINT WARNING * * *
You gain the combat prowess of a mighty hero.
The hound skeleton closely misses you. You furiously retaliate!
You headbutt the hound skeleton!
You destroy the hound skeleton!
Okawaru accepts your kill. The gnoll closely misses you.
The gnoll barely misses you. You furiously retaliate!
You headbutt the gnoll, but do no damage.
You slash the gnoll sergeant!
You headbutt the gnoll sergeant, but do no damage.
The gnoll sergeant is heavily wounded.
The gnoll sergeant barely misses you. The gnoll barely misses you. x2
The gnoll sergeant completely misses you.
You closely miss the gnoll sergeant. You headbutt the gnoll sergeant.
The gnoll sergeant is heavily wounded.
The gnoll barely misses you. The gnoll closely misses you.
You furiously retaliate!
You headbutt the gnoll.
The gnoll sergeant hits you with a trident.
You die...

... .. ..# #.. ..##... ..#....
##.. ....... ....#...
..............>. ..
########g........)...... ..
#...#..@g...............
..#...##.g...............# ..
##.#......#..............#. ...
##.......###................
##..##.........##................
....>....##..#...................
.........##......................
#...........#.............#.....
##........#...##...##............


You could see a gnoll sergeant and 2 gnolls.

Vanquished Creatures
  Sigmund (D:2)
  A black bear (D:6)
  A sky beast (D:5)
  An ice beast (D:5)
  An ogre (D:5)
  A centaur (D:5)
  A bullfrog (D:6)
  A scorpion (D:4)
  A howler monkey (D:3)
  5 crimson imps
  A quasit (D:5)
  A jelly (D:5)
  3 hounds
  2 orc wizards
  A bullfrog skeleton (D:5)
  Terence (D:2)
  An iguana (D:4)
  4 worker ants
  A hound skeleton (D:6)
  5 adders
  A gnoll (D:6)
  A shadow imp (D:5)
  An adder skeleton (D:5)
  A worm (D:5)
  2 dart slugs (D:3)
  4 leopard geckos
  8 orcs
  6 giant cockroaches
  2 goblins
  4 hobgoblins
  2 jackals (D:1)
  2 quokkas
  4 bats
  4 frilled lizards
  7 kobolds
  5 rats
88 creatures vanquished.

Notes
Turn   | Place    | Note
-------+----------+-------------------------------------------
     0 | D:1      | Golfball the Minotaur Fighter began the quest for the Orb.
     0 | D:1      | Reached XP level 1. HP: 19/19 MP: 0/0
   205 | D:1      | Reached XP level 2. HP: 26/26 MP: 1/1
   800 | D:2      | Noticed Sigmund
   805 | D:2      | Killed Sigmund
   805 | D:2      | Reached XP level 3. HP: 23/31 MP: 2/2
   805 | D:2      | Reached XP level 4. HP: 30/39 MP: 3/3
   805 | D:2      | Reached XP level 5. HP: 34/45 MP: 4/4
   916 | D:2      | Reached skill level 1 in Polearms
   942 | D:2      | Reached skill level 2 in Polearms
  1022 | D:2      | Found an ornate altar of the Wu Jian Council.
  1098 | D:2      | Noticed Terence
  1102 | D:2      | Killed Terence
  1459 | D:3      | Reached skill level 3 in Polearms
  1459 | D:3      | Reached XP level 6. HP: 41/51 MP: 5/5
  1899 | D:3      | Found a white marble altar of Elyvilon.
  2047 | D:4      | Reached skill level 4 in Polearms
  2229 | D:4      | Reached skill level 5 in Polearms
  2620 | D:4      | Found a deep blue altar of Sif Muna.
  2686 | D:4      | Reached skill level 6 in Polearms
  3019 | D:5      | Entered Level 5 of the Dungeon
  3021 | D:5      | Found Hima's Food Emporium.
  3042 | D:5      | Reached XP level 7. HP: 57/57 MP: 6/6
  3170 | D:5      | Reached skill level 7 in Polearms
  3446 | D:5      | Found a staircase to the Ecumenical Temple.
  3454 | Temple   | Entered the Ecumenical Temple
  3526 | Temple   | Became a worshipper of Warmaster Okawaru
  3598 | D:5      | Reached skill level 8 in Polearms
  3809 | D:5      | Found a radiant altar of Vehumet.
  3869 | D:5      | Found a shimmering altar of Xom.
  3943 | D:5      | Reached skill level 9 in Polearms
  3943 | D:5      | Reached XP level 8. HP: 64/64 MP: 7/7
  4117 | D:5      | Reached * piety under Okawaru
  4235 | D:6      | Reached skill level 10 in Polearms
  4289 | D:6      | Reached skill level 1 in Invocations
  4711 | D:6      | Slain by a gnoll sergeant

Skill      XL: |  1  2  3  4  5  6  7  8 |
---------------+-------------------------+-----
Maces & Flails | 3 6 |  6.6
Polearms       | 3 6 9 10 | 10.1
Fighting       | 4 |  4.4
Invocations    | 1 |  1.9
Armour         | |  3.6
Shields        | |  3.6

Action                   |  1- 3 |  4- 6 |  7- 9 || total
-------------------------+-------+-------+-------++-------
Melee: Flail             |    30 |       |       ||    30
       Headbutt          |     5 |    11 |    13 ||    29
       Scythe            |       |    79 |    74 ||   153
Invok: Heroism           |       |       |     1 ||     1
  Use: Potion            |     1 |       |       ||     1
       Scroll            |       |     8 |     3 ||    11
  Eat: Chunk             |       |     7 |     5 ||    12
Armor: Scale mail        |    15 |    60 |    49 ||   124
Dodge: Dodged            |     8 |    59 |    48 ||   115
Block: Shield            |    16 |       |       ||    16
